 Dungeon Crawl Stone Soup version 0.22.1-2-g9c5b331383 (webtiles) character file.

59 PlayingRandomsOnly the Slasher (level 3, 0/29 HPs)
             Began as a Demigod Skald on Nov 12, 2018.
             Slain by an orc priest
             ... wielding a +0 flail
              (2 damage)
             ... on level 2 of the Dungeon on Nov 13, 2018.
             The game lasted 00:07:29 (1561 turns).

PlayingRandomsOnly the Slasher (Demigod Skald)      Turns: 1561, Time: 00:07:29

Health: 0/29       AC:  3    Str: 14    XL:     3   Next: 54%
Magic:  8/8        EV: 12    Int: 19    God:
Gold:   73         SH:  0    Dex: 15    Spells: 2/5 levels left

rFire    + . .     SeeInvis .   a - +0 falchion
rCold    + . .     Gourm    .   (no shield)
rNeg     . . .     Faith    .   b - +0 leather armour
rPois    +         Spirit   .   (no helmet)
rElec    +         Reflect  .   (no cloak)
rCorr    +         Harm     .   (no gloves)
MR       .....                  (no boots)
Stlth    +.........             (no amulet)
HPRegen  0.09/turn              (no ring)
MPRegen  0.11/turn              (no ring)

@: resistant
A: high mp 1
a: no special abilities


You were on level 2 of the Dungeon.
You were hungry.

You visited 1 branch of the dungeon, and saw 2 of its levels.

You collected 73 gold pieces.

Inventory:

Hand Weapons
 a - a +0 falchion (weapon)
Armour
 b - a +0 leather armour (worn)
 h - a +0 ring mail
Scrolls
 f - a scroll of identify {unknown}
 j - a scroll of enchant armour {unknown}
 k - a scroll of teleportation {unknown}
Potions
 e - a potion of ambrosia {unknown}
 g - a potion of resistance
 i - a potion of mutation {unknown}
Comestibles
 c - 2 chunks of flesh
 d - 4 rations


   Skills:
 - Level 2.0 Fighting
 * Level 3.2 Long Blades
 - Level 1.0 Armour
 - Level 1.7 Dodging
 - Level 1.7 Spellcasting
 + Level 3.1 Charms


You had 2 spell levels left.
You knew the following spells:

 Your Spells              Type           Power        Failure   Level  Hunger
a - Infusion              Chrm           ##..         6%          1    #......
b - Shroud of Golubria    Chrm/Tloc      #.........   17%         2    ###....

Your spell library contained the following spells:

 Spells                   Type           Power        Failure   Level  Hunger
 Song of Slaying          Chrm           ##......     9%          2    ###....
 Regeneration             Chrm/Necr      #.........   32%         3    ###....
 Spectral Weapon          Hex/Chrm       #.......     32%         3    ###....


Dungeon Overview and Level Annotations

Branches:
Dungeon (2/15)


Innate Abilities, Weirdness & Mutations

You have an increased reservoir of magic. (+10% MP)


Message History

The orc priest is heavily wounded.
The orc priest mumbles some strange prayers to Beogh against you.
Beogh smites you!
You closely miss the orc priest.
The orc priest is heavily wounded.
The orc priest barely misses you.
You hit the orc priest but do no damage.
The orc priest is heavily wounded.
The orc priest hits you with a flail.
You are feeling hungry.
You hit the orc priest but do no damage.
The orc priest is heavily wounded.
You hit the orc priest.
The orc priest is severely wounded.
The orc priest hits you with a flail!
* * * LOW HITPOINT WARNING * * *
It was a potion of resistance.
You feel protected. The orc priest hits you with a flail.
You die...

####.##.# ##.# #.......#
...>....### #..# ##.......#
#####.....###..###........#
#...#.................#
##..###......#.####...#
#..###.....##.# ###.##
###..........##.# #..###
.....###..#o###.# #....#
..........#@###.# #.####
........#..<##..######.#
........###.........##.#
........# #.#..#....#..#
........# #.#.###.....##
........# #.#.# #...###
........# #...# #...#
........# #..## #...#
........# #.## #...#


You could see an orc priest.

Vanquished Creatures
  An adder (D:1)
  A gnoll (D:1)
  An ooze (D:1)
  A giant cockroach (D:1)
  4 goblins
  A hobgoblin (D:1)
  4 jackals (D:1)
  3 kobolds (D:1)
  8 bats (D:1)
  8 frilled lizards (D:1)
  7 rats
39 creatures vanquished.

Notes
Turn   | Place    | Note
-------+----------+-------------------------------------------
     0 | D:1      | PlayingRandomsOnly the Demigod Skald began the quest for
                  | the Orb.
     0 | D:1      | Reached XP level 1. HP: 17/17 MP: 5/5
    88 | D:1      | Found a burning altar of Makhleb.
   140 | D:1      | Reached skill level 1 in Armour
   388 | D:1      | Reached XP level 2. HP: 23/24 MP: 7/7
   392 | D:1      | Learned a level 2 spell: Shroud of Golubria
   879 | D:1      | Reached XP level 3. HP: 28/29 MP: 8/8
  1561 | D:2      | Slain by an orc priest

Skill      XL: |  1  2  3 |
---------------+----------+-----
Armour         | 1 |  1.0
Long Blades    | 2 3 |  3.2
Fighting       | 2 |  2.0
Charms         | 3 |  3.1
Dodging        | |  1.7
Spellcasting   | |  1.7

Action                   || total
-------------------------++-------
Melee: Falchion          ||   118
 Cast: Shroud of Golubri ||     3
  Use: Potion            ||     1
 Stab: Sleeping          ||     1
  Eat: Chunk             ||     2
Armor: Leather armour    ||    31
Dodge: Dodged            ||    97
       Rpst.: Falchion   ||    34
